Map: Dasan Station LE

Players

Gracz

  • Race: Protoss Protoss
  • League: Silver

Tomdesbois - Winner!

  • Race: Terran Terran
  • League: Silver

VOD

Have the link to the VOD?

Description

Time

  • Played on: Oct. 8, 2016, 3:58 p.m.
  • Length: 6:39
Show
View Real Time Build Order
Export as new Build Order

Gracz Protoss 

Build Orders:  

Get SALT Encoding   

  12  0:02  Probe (Chrono Boost)  
  13  0:14  Pylon  
  13  0:30  Probe (Chrono Boost)  
  13  0:35  Gateway  
  14  0:39  Assimilator  
  14  0:48  Gateway  
  14  0:52  Probe (Chrono Boost)  
  15  1:06  Probe (Chrono Boost)  
  16  1:17  Probe (Chrono Boost)  
  17  1:25  Pylon  
  17  1:28  Gateway  
  17  1:35  Cybernetics Core  
  17  1:44  Probe (Chrono Boost)  
  18  1:55  Probe (Chrono Boost)  
  19  2:05  Probe (Chrono Boost)  
  19  2:06  Assimilator  
  19  2:08  Warp Gate  
  20  2:14  Gateway  
  20  2:15  Gateway  
  20  2:20  Probe (Chrono Boost)  
  21  2:43  Pylon  
  21  2:45  Stalker  
  21  2:46  Stalker  
  21  2:51  Stalker  
  27  3:03  Stalker  
  29  3:09  Probe (Chrono Boost)  
  30  3:33  Pylon  
  30  3:41  Robotics Facility  
  30  3:43  Robotics Facility  
  22  4:37  Warp Prism x2  
  26  4:43  Robotics Bay  
  26  4:47  Robotics Facility  
  26  4:52  Robotics Facility  
  26  4:59  Pylon  
  26  5:19  Stalker x2  
  30  5:24  Stalker  
  32  5:35  Stalker  
  34  5:48  Stalker  
  36  5:50  Stalker  
  38  6:07  Stalker x2  
Show
View Real Time Build Order
Export as new Build Order

Tomdesbois Terran - Winner!

Build Orders:  

Get SALT Encoding   

  12  0:02  SCV  
  13  0:14  SCV  
  13  0:20  Supply Depot  
  14  0:26  SCV  
  15  0:41  SCV  
  16  0:43  Barracks  
  16  0:50  Refinery  
  16  0:53  SCV  
  17  1:05  SCV  
  18  1:11  Barracks  
  18  1:20  SCV  
  19  1:32  SCV  
  20  1:34  Supply Depot  
  20  1:35  Barracks Tech Lab  
  20  1:44  SCV  
  21  1:47  Refinery  
  21  1:56  Marine, SCV  
  23  2:02  Barracks Reactor  
  23  2:14  Marine  
  24  2:23  Factory  
  24  2:32  Marine  
  24  2:36  Command Center  
  25  2:41  Marine x2  
  27  2:59  SCV  
  27  3:01  Marine x3  
  31  3:09  Factory Tech Lab  
  31  3:14  Starport  
  31  3:16  Supply Depot  
  31  3:19  Supply Depot  
  31  3:27  Orbital Command  
  31  3:38  Marine x3  
  34  3:49  SCV  
  35  3:57  Starport Reactor  
  35  4:01  SCV  
  34  4:03  Supply Depot  
  32  4:13  SCV  
  32  4:16  Siege Tank  
  34  4:36  Marine x3  
  37  4:42  Barracks  
  37  4:44  Medivac  
  39  4:46  Medivac  
  41  4:54  Marine x3  
  41  4:59  SCV x2  
  46  5:08  Supply Depot  
  46  5:11  Marine, SCV  
  46  5:12  Marine x2  
  50  5:29  Marine x2, Siege Tank  
  50  5:31  Marine  
  56  5:47  Marine x2  
  56  5:49  Marine  
  59  5:53  SCV x2  
  61  6:05  SCV x2  
Tags
 
Add a new tag
Caveats
  • Supply blocks, unpowered buildings, or Contaminate may cause inaccurate times.
  • Supply counts are checked every 10 seconds.